 Dungeon Sprint DCSS version 0.30-a0-358-g0d69a1922f (webtiles) character file.

Game seed: 14068635600359311848

31250 Pestilence the Spry (level 13, -5/113 HPs)
             Began as a Vampire Gladiator on Nov 9, 2022.
             Was the Champion of Makhleb.
             Killed from afar by a fenstrider witch (22 damage)
             ... with a toxic sludge
             ... in the Dungeon (Sprint IX: "|||||||||||||||||||||||||||||").
             The game lasted 00:14:03 (2829 turns).

Pestilence the Spry (Vampire Gladiator)             Turns: 2829, Time: 00:14:04

Health: -5/113     AC: 36    Str: 19    XL:     13   Next: 25%
Magic:  23/23      EV: 16    Int: 15    God:    Makhleb [******]
Gold:   73         SH: 12    Dex: 16    Spells: 12/12 levels left

rFire   . . .      SeeInvis +    u - +6 double sword (protect)
rCold   . . .      Faith    .    b - +0 kite shield
rNeg    . . .      Spirit   .    w - +2 plate armour
rPois   .          Reflect  .    h - +2 helmet {Int+3}
rElec   +          Harm     .    g - +0 cloak
rCorr   .          Rampage  .    c - +1 pair of gloves
Will    +....      NoTele   +    n - +2 pair of boots "Xuetabliuth" {rElec Str+2 Dex-2 Stlth+}
Stlth   ..........               x - amulet of regeneration
HPRegen 1.38/turn                t - +4 ring of evasion
MPRegen 0.18/turn                p - +3 ring of dexterity

@: lethally poisoned (-5 -> -19), under a protective aura, healing quickly, very
slow
A: alive, fangs 3, see invisible, vampiric 2
a: Exsanguinate, Renounce Religion, Minor Destruction, Lesser Servant of
Makhleb, Major Destruction, Greater Servant of Makhleb


You were in the Dungeon.
You worshipped Makhleb.
Makhleb was exalted by your worship.
You visited 1 branch You collected 1933 gold pieces.
You spent 1860 gold pieces at shops.

Inventory:

Hand Weapons
 o - a +2 falchion of flaming
 u - a +6 double sword of protection (weapon)
Armour
 b - a +0 kite shield (worn)
 c - a +1 pair of gloves (worn)
 g - a +0 cloak (worn)
 h - a +2 helmet of intelligence (worn)
 n - the +2 pair of boots "Xuetabliuth" (worn) {rElec Str+2 Dex-2 Stlth+}
   (You acquired it in the Dungeon)

   Str:       It affects your strength (+2).
   Dex:       It affects your dexterity (-2).
   rElec:     It insulates you from electricity.
   Stlth:     It makes you more stealthy.
 w - a +2 plate armour (worn)
Jewellery
 p - a +3 ring of dexterity (right hand)
 t - a +4 ring of evasion (left hand)
 v - a ring of protection from fire
 x - an amulet of regeneration (around neck)
Scrolls
 e - 2 scrolls of amnesia
 q - 2 scrolls of identify
 r - 3 scrolls of fog
 s - a scroll of enchant armour
 y - 2 scrolls of blinking
Potions
 d - a potion of invisibility
 f - a potion of curing
 i - 4 potions of magic
 l - 2 potions of heal wounds
 m - 2 potions of brilliance
 z - a potion of haste


   Skills:
 + Level 14.1 Fighting
 - Level 14.0 Long Blades
 - Level 6.5 Throwing
 + Level 12.9 Armour
 - Level 16.4 Dodging
 - Level 2.0 Stealth
 + Level 11.8 Shields
 * Level 13.5 Invocations
 - Level 6.0 Evocations


You had 12 spell levels left.
You didn't know any spells.
Your spell library was empty.

Dungeon Overview and Level Annotations

Branches:
Dungeon (1/1)

Altars:
Cheibriados
Dithmenos
Fedhas
Gozag
Hepliaklqana
Kikubaaqudgha
Makhleb
Nemelex Xobeh
Okawaru
Qazlal
Ru
Sif Muna
Trog
Uskayaw
Vehumet
Wu Jian
Xom
Yredelemnul
Jiyva
Lugonu

Shops:
D ????


Innate Abilities, Weirdness & Mutations

Your natural rate of healing is accelerated.
You have razor-sharp teeth.
You have supernaturally acute eyesight. (SInv)
You are afflicted with vampirism and can become a bat while bloodless.


Message History

The fenstrider witch kicks your balrug!!
Your balrug dies!
Your balrug disappears in a puff of smoke!
Things that are here:
a +0 hand axe; a +0 robe You see here a black mamba corpse.
You see here a +0 war axe.
There is an open door to the Snake Pit, spattered with blood here.
You slice the fenstrider witch!!
Your weapon exudes an aura of protection.
The fenstrider witch is severely wounded.
The fenstrider witch points at you and mumbles some strange words.
The toxic sludge hits you!!
You are poisoned.
Splash!
You fall into the toxic bog.
Moving in this stuff is going to be slow.
You hit the fenstrider witch but do no damage.
The fenstrider witch is severely wounded.
You fester in the toxic bog!
You are more poisoned.
You feel extremely sick.
You block the fenstrider witch's attack.
The fenstrider witch kicks you!
Your unstable footing causes you to fumble your attack.
You fester in the toxic bog!
You are more poisoned.
You feel extremely sick.
The fenstrider witch points at you and mumbles some strange words.
The toxic sludge hits you!
You are more poisoned.
You feel better.
You fester in the toxic bog!
You are poisoned.
You feel very sick.
You block the fenstrider witch's attack. x2
You feel better.
You fester in the toxic bog!
You are poisoned.
You feel very sick.
The fenstrider witch points at you and mumbles some strange words.
The toxic sludge hits you!!
You are more poisoned.
You die...

▓.▓.▓.▓.▓.▓.▓.▓.▓.
▓.▓.▓.▓.▓.▓.▓'▓.▓.
▓.▓.▓.▓.▓.▓.▓.▓.▓.
▓.▓.▓'▓.▓.▓)▓.▓.▓.
▓.▓.▓.▓.▓.▓)▓.▓†▓)
▓.▓.▓.▓.▓.▓)▓.▓.▓.
▓.▓.▓.▓.▓[▓)▓.▓.▓.
▓.▓.▓=▓.▓'▓.▓.▓.▓.
▓@▓.▓.▓.▓)▓)▓)▓.▓.
▓H▓.▓)▓.▓)▓.▓?▓.▓.
▓D▓.▓)▓.▓)▓.▓.▓.▓'
▓x▓.▓)▓.▓)▓.▓†▓.▓_
▓D▓.▓)▓.▓.▓.▓.▓.▓_
▓.▓.▓)▓.▓)▓.▓.▓.▓_
▓†▓.▓.▓.▓)▓)▓.▓.▓_
▓)▓.▓)▓)▓)▓†▓'▓.▓_
▓.▓.▓)▓.▓.▓.▓.▓.▓_


You could see a bunyip, a seven-headed hydra, a swamp dragon and a fenstrider
witch (drained).

Vanquished Creatures
  An eleionoma (D)
  A bunyip (D)
  An ettin (D)
  Josephine (D)
  3 centaur warriors (D)
  5 orc high priests (D)
  2 orc knights (D)
  A manticore (D)
  An ugly thing (D)
  3 black mambas (D)
  3 cane toads (D)
  4 komodo dragons (D)
  Psyche (D)
  A tengu conjurer (D)
  A troll (D)
  A blink frog (D)
  2 wyverns (D)
  A yak (D)
  3 wraiths (D)
  Grum (D)
  Eustachio (D)
  A steam dragon (D)
  2 wargs (D)
  An acid dragon (D)
  A water moccasin (D)
  A hell hound (D)
  7 orc warriors (D)
  A centaur (D)
  9 wolves (D)
  A gnoll sergeant (D)
  A bullfrog (D)
  A hound (D)
  9 orc priests (D)
  4 orc wizards (D)
  An adder (D)
  A shadow imp (D)
  An ufetubus (D)
  6 orcs (D)
  An endoplasm (D)
  A quokka (D)
  A ball python (D)
  A frilled lizard (D)
  A rat (D)
91 creatures vanquished.

Vanquished Creatures (collateral kills)
  2 stone giants (D)
  An eleionoma (D)
  A fire dragon (D)
  A spriggan air mage (D)
  A centaur warrior (D)
  A hydra (D)
  An alligator (D)
  A deep troll earth mage (D)
  A spriggan berserker (D)
  A naga warrior (D)
  An orc high priest (D)
  A goliath frog (D)
  A flayed ghost (D)
  A wizard (D)
  3 orc knights (D)
  A naga ritualist (D)
  3 ugly things (D)
  A cyclops (D)
  6 black mambas (D)
  A guardian serpent (D)
  A vampire mosquito (D)
  An orc warrior (D)
  An orc priest (D)
33 creatures vanquished.

Grand Total: 124 creatures vanquished

Notes
Turn   | Place    | Note
-------+----------+-------------------------------------------
     0 | D        | Pestilence the Vampire Gladiator began the quest for the
                  | Orb.
     0 | D        | Reached XP level 1. HP: 16/16 MP: 1/1
    14 | D        | Reached skill level 4 in Dodging
    23 | D        | Noticed a centaur
    23 | D        | Noticed a hound
    27 | D        | Reached XP level 2. HP: 22/22 MP: 2/2
    28 | D        | Killed a centaur
    29 | D        | Reached skill level 6 in Dodging
    29 | D        | Gained mutation: You are afflicted with vampirism and can
                  | become a bat while bloodless. [Vampire growth]
    29 | D        | Reached XP level 3. HP: 29/29 MP: 3/3
    29 | D        | Reached XP level 4. HP: 35/35 MP: 4/4
    34 | D        | Reached skill level 7 in Dodging
    38 | D        | Reached XP level 5. HP: 41/41 MP: 5/5
    45 | D        | Found a snail-covered altar of Cheibriados.
    45 | D        | Found a shadowy altar of Dithmenos.
    45 | D        | Found a blossoming altar of Fedhas.
    45 | D        | Found an opulent altar of Gozag.
    46 | D        | Found a hazy altar of Hepliaklqana.
    47 | D        | Found a viscous altar of Jiyva.
    48 | D        | Found an ancient bone altar of Kikubaaqudgha.
    49 | D        | Found a corrupted altar of Lugonu.
    50 | D        | Found a burning altar of Makhleb.
    51 | D        | Found a sparkling altar of Nemelex Xobeh.
    52 | D        | Found an iron altar of Okawaru.
    53 | D        | Found a stormy altar of Qazlal.
    54 | D        | Found a sacrificial altar of Ru.
    55 | D        | Found a shimmering blue altar of Sif Muna.
    56 | D        | Found a bloodstained altar of Trog.
    57 | D        | Found a hide-covered altar of Uskayaw.
    58 | D        | Found a radiant altar of Vehumet.
    60 | D        | Became a worshipper of Makhleb the Destroyer
    62 | D        | Found an ornate altar of the Wu Jian Council.
    63 | D        | Found a shimmering altar of Xom.
    64 | D        | Found a basalt altar of Yredelemnul.
   114 | D        | Noticed a komodo dragon
   114 | D        | Noticed an acid dragon
   114 | D        | Noticed a troll
   114 | D        | Noticed a wyvern
   120 | D        | Killed a troll
   120 | D        | Reached * piety under Makhleb
   120 | D        | Killed a wyvern
   121 | D        | Reached skill level 10 in Long Blades
   121 | D        | Reached skill level 10 in Dodging
   121 | D        | Reached skill level 1 in Evocations
   121 | D        | Reached XP level 6. HP: 13/50 MP: 6/6
   121 | D        | Reached XP level 7. HP: 14/55 MP: 7/7
   121 | D        | Killed a komodo dragon
   121 | D        | Reached ** piety under Makhleb
   122 | D        | Reached skill level 5 in Fighting
   122 | D        | Reached skill level 11 in Dodging
   208 | D        | Noticed a manticore
   208 | D        | Noticed a tengu conjurer
   208 | D        | Noticed a red ugly thing
   208 | D        | Noticed a centaur warrior
   208 | D        | Noticed a centaur warrior
   208 | D        | Noticed a centaur warrior
   210 | D        | Killed a tengu conjurer
   211 | D        | Reached XP level 8. HP: 64/64 MP: 8/8
   213 | D        | Killed a manticore
   213 | D        | Killed a centaur warrior
   213 | D        | Reached *** piety under Makhleb
   214 | D        | Reached skill level 5 in Throwing
   214 | D        | Reached skill level 12 in Dodging
   214 | D        | Reached XP level 9. HP: 52/71 MP: 9/9
   214 | D        | Killed a centaur warrior
   214 | D        | Killed a centaur warrior
   215 | D        | Reached skill level 5 in Armour
   215 | D        | Reached skill level 13 in Dodging
   215 | D        | Reached skill level 1 in Shields
   220 | D        | Killed a red ugly thing
   221 | D        | Reached skill level 14 in Dodging
   390 | D        | Noticed a black mamba
   390 | D        | Noticed a cane toad
   390 | D        | Noticed a black mamba
   390 | D        | Noticed a komodo dragon
   397 | D        | Killed a black mamba
   397 | D        | Reached **** piety under Makhleb
   398 | D        | Reached skill level 1 in Stealth
   398 | D        | Reached skill level 5 in Evocations
   398 | D        | Reached XP level 10. HP: 79/79 MP: 10/10
   409 | D        | Killed a cane toad
   436 | D        | Killed a black mamba
   437 | D        | Reached skill level 15 in Dodging
   534 | D        | Reached ***** piety under Makhleb
   546 | D        | HP: 1/80 [komodo dragon (11)]
   553 | D        | HP: 2/80 [komodo dragon (15)]
   641 | D        | Noticed a cane toad
   641 | D        | Noticed a black mamba
   647 | D        | Noticed a five-headed hydra
   670 | D        | Noticed a green death
   978 | D        | Killed a five-headed hydra
   979 | D        | Reached skill level 1 in Invocations
  1023 | D        | Killed a cane toad
  1058 | D        | Killed a black mamba
  1077 | D        | Noticed a cane toad
  1089 | D        | Killed a cane toad
  1090 | D        | Reached skill level 5 in Shields
  1090 | D        | Reached XP level 11. HP: 80/90 MP: 13/13
  1195 | D        | Reached ****** piety under Makhleb
  1256 | D        | Noticed Josephine
  1269 | D        | Killed Josephine
  1270 | D        | Reached skill level 10 in Fighting
  1288 | D        | Reached skill level 16 in Dodging
  1377 | D        | Noticed Grum
  1400 | D        | Killed Grum
  1440 | D        | Noticed an ettin
  1498 | D        | Killed an ettin
  1685 | D        | Noticed an orc knight
  1688 | D        | Noticed an orc knight
  1720 | D        | Killed an orc knight
  1738 | D        | Killed an orc knight
  1739 | D        | Reached skill level 10 in Armour
  1771 | D        | Noticed an orc high priest
  1777 | D        | Noticed an orc knight
  1781 | D        | Killed an orc high priest
  1782 | D        | Reached skill level 5 in Invocations
  1804 | D        | Killed an orc knight
  1936 | D        | Noticed an orc knight
  1961 | D        | Killed an orc knight
  2045 | D        | Found Hiurr's Magic Scroll Emporium.
  2045 | D        | Noticed an orc high priest
  2045 | D        | Noticed an orc high priest
  2048 | D        | Killed an orc high priest
  2048 | D        | Noticed an orc high priest
  2051 | D        | Noticed a sun demon
  2051 | D        | Killed an orc high priest
  2055 | D        | Killed an orc high priest
  2056 | D        | Reached XP level 12. HP: 46/102 MP: 17/17
  2059 | D        | Found Seenam's Magic Scroll Shoppe.
  2060 | D        | Noticed an orc high priest
  2061 | D        | Found Xiess's Magic Scroll Emporium.
  2070 | D        | Noticed an orc high priest
  2072 | D        | Killed an orc high priest
  2074 | D        | Killed an orc high priest
  2228 | D        | Found Evutac's Magic Scroll Shoppe.
  2231 | D        | Bought a scroll of brand weapon for 133 gold pieces
  2255 | D        | Bought a scroll of enchant weapon for 97 gold pieces
  2259 | D        | Bought a scroll of acquirement for 572 gold pieces
  2259 | D        | Bought a scroll of enchant armour for 82 gold pieces
  2259 | D        | Bought a scroll of enchant weapon for 82 gold pieces
  2261 | D        | Bought 3 scrolls of enchant weapon for 270 gold pieces
  2261 | D        | Bought a scroll of acquirement for 624 gold pieces
  2264 | D        | Acquired a +4 ring of evasion
  2265 | D        | Acquired the +2 pair of boots "Xuetabliuth" {rElec Str+2
                  | Dex-2 Stlth+}
  2326 | D        | Noticed Eustachio
  2350 | D        | Killed Eustachio
  2377 | D        | Noticed Psyche
  2385 | D        | Killed Psyche
  2508 | D        | Noticed a centaur warrior
  2523 | D        | Killed a centaur warrior
  2531 | D        | Reached skill level 10 in Invocations
  2532 | D        | Reached skill level 10 in Shields
  2532 | D        | Noticed a spriggan air mage
  2535 | D        | Killed a spriggan air mage
  2549 | D        | Noticed a fire dragon
  2550 | D        | Noticed a stone giant
  2554 | D        | Noticed a deep troll earth mage
  2555 | D        | Killed a fire dragon
  2562 | D        | Noticed a stone giant
  2569 | D        | Killed a stone giant
  2571 | D        | Killed a deep troll earth mage
  2573 | D        | Killed a stone giant
  2705 | D        | Noticed a naga warrior
  2708 | D        | Killed a naga warrior
  2713 | D        | Reached XP level 13. HP: 71/111 MP: 20/22
  2777 | D        | Noticed an eleionoma
  2777 | D        | Noticed a bunyip
  2777 | D        | Noticed an eleionoma
  2778 | D        | Noticed a fenstrider witch
  2798 | D        | Killed an eleionoma
  2804 | D        | Noticed a bunyip
  2805 | D        | Killed a bunyip
  2817 | D        | Killed an eleionoma
  2829 | D        | Killed from afar by a fenstrider witch

Illustrated notes

Levels and vault maps discovered:
D:        linesprint [early_d, line_temple, items_1, d_10, items_2, lair_1,
          lair_end, items_3, orc_1, orc_end, items_4, d_15, swamp_1, shoals_1,
          snake_1, spider_1, d_20, vaults_1, items_5, swamp_end, shoals_end,
          snake_end, spider_end, vaults_end, d_27, items_6, zot_1, zot_end,
          crypt_end, forest_end, elf_end, slime_end, tomb_end, abyss_end,
          pan_hell_end]

Skill      XL: |  1  2  3  4  5  6  7  8  9 10 11 12 13 |
---------------+----------------------------------------+-----
Fighting       | 2 3 4 5 6 7 9 11 13 14 | 14.1
Dodging        | 4 6 7 10 11 12 14 15 16 | 16.4
Long Blades    | 4 6 7 10 11 13 14 | 14.0
Throwing       | 2 4 5 6 |  6.5
Armour         | 2 3 4 6 8 10 12 | 12.9
Evocations     | 1 3 5 6 |  6.0
Shields        | 1 5 8 11 | 11.8
Stealth        | 1 2 |  2.0
Invocations    | 2 7 12 13 | 13.5

Action                   |  1- 3 |  4- 6 |  7- 9 | 10-12 | 13-15 || total
-------------------------+-------+-------+-------+-------+-------++-------
Melee: Long sword        |    11 |     9 |    13 |   382 |       ||   415
       Bite              |       |       |     1 |    48 |     1 ||    50
       Double sword      |       |       |       |       |    28 ||    28
Invok: Lesser Servant of |       |       |       |    12 |       ||    12
       Greater Servant o |       |       |       |     5 |     1 ||     6
       Major Destruction |       |       |       |    24 |       ||    24
       Minor Destruction |       |       |       |     2 |       ||     2
Evoke: Wand              |       |     3 |     7 |       |       ||    10
  Use: Potion            |     1 |     2 |       |    12 |     2 ||    17
       Scroll            |       |       |     4 |     4 |     6 ||    14
Armor: Leather armour    |     1 |       |       |       |       ||     1
       Chain mail        |       |     2 |     9 |    86 |       ||    97
       Plate armour      |       |       |       |    17 |    10 ||    27
Dodge: Dodged            |     5 |     7 |     4 |   137 |    12 ||   165
Block: Kite shield       |       |       |     9 |   179 |    12 ||   200

Table legend: (Time is in decaauts)
 A = Elapsed time spent in this place.
 B = Non-inter-level travel time spent in this place.
 C = Inter-level travel time spent in this place.
 D = Time resting spent in this place.
 E = Time spent auto-exploring this place.
 F = Levels seen in this place.
 G = Mean time per level.
                   A        B        C        D        E       F      G
               +--------+--------+--------+--------+--------+-----+--------+
         Total |   2785 |   2785 |      0 |    867 |     88 |   1 | 2785.0 |
       Dungeon |   2785 |   2785 |      0 |    867 |     88 |   1 | 2785.0 |
               +--------+--------+--------+--------+--------+-----+--------+

Top non-repeatable levels by time:
       D: 2785 daAuts
